 Dungeon Crawl Stone Soup version 0.25-a0-663-gace7076 (webtiles) character file.

Game seed: 8236468408272904606, levelgen mode: deterministic

200 robertstho the Skirmisher (level 6, -5/49 HPs)
             Began as a Formicid Abyssal Knight on Mar 24, 2020.
             Was a Believer of Lugonu.
             Slain by a centaur (8 damage)
             ... on level 4 of the Dungeon.
             The game lasted 00:04:02 (2701 turns).

robertstho the Skirmisher (Formicid Abyssal Knight) Turns: 2701, Time: 00:04:03

Health: -5/49      AC:  8    Str: 19    XL:     6   Next: 7%
Magic:  8/8        EV: 10    Int: 11    God:    Lugonu [**....]
Gold:   199        SH:  0    Dex: 10    Spells: 5/5 levels left

rFire    . . .     SeeInvis +   a - +1 hand axe
rCold    . . .     Gourm    .   (no shield)
rNeg     . . .     Faith    .   e - +0 scale mail
rPois    .         Spirit   .   (helmet unavailable)
rElec    .         Reflect  .   (no cloak)
rCorr    .         Harm     .   l - +1 pair of gloves
MR       .....                  (no boots)
Stlth    ..........             (no amulet)
HPRegen  0.16/turn              (no ring)
MPRegen  0.11/turn              (no ring)

@: no status effects
A: permanent stasis, dig shafts and tunnels, four strong arms, antennae 3
a: Dig, Shaft Self, Depart the Abyss, Bend Space, Renounce Religion


You were on level 4 of the Dungeon.
You worshipped Lugonu.
Lugonu was pleased with you.
You were not hungry.

You visited 1 branch of the dungeon, and saw 4 of its levels.
You visited the Abyss 1 time.

You collected 199 gold pieces.

Inventory:

Hand Weapons
 a - a +1 hand axe (weapon)
Armour
 e - a +0 scale mail (worn)
 l - a +1 pair of gloves (worn)
Jewellery
 m - an uncursed ring of wizardry {unknown}
Wands
 q - a wand of random effects (16)
Scrolls
 f - 3 scrolls of fear {unknown}
 h - a scroll of enchant weapon {unknown}
 j - a scroll of blinking {unknown}
 o - 3 scrolls of identify {unknown}
 p - a scroll of enchant armour {unknown}
 r - a scroll of teleportation {unknown}
 s - a scroll of immolation {unknown}
Potions
 d - a potion of brilliance
Comestibles
 c - 5 rations
 t - a chunk of flesh


   Skills:
 * Level 4.7 Fighting
 + Level 3.4 Axes
 + Level 2.9 Armour
 + Level 1.5 Dodging
 * Level 3.6 Invocations


You had 5 spell levels left.
You didn't know any spells.
Your spell library contained the following spells:

 Spells                   Type           Power        Failure   Level  Hunger
 Corona                   Hex            #......      71%         1    ##.....
 Ensorcelled Hibernation  Hex/Ice        #.....       85%         2    ###....
 Confusing Touch          Hex            #.......     97%         3    ####...
 Dazzling Flash           Conj/Hex       #.....       97%         3    ####...
 Tukima's Dance           Hex            #.......     97%         3    ####...


Dungeon Overview and Level Annotations

Branches:
Dungeon (4/15)
 Temple: D:4-7

Altars:
Elyvilon
Fedhas


Innate Abilities, Weirdness & Mutations

You cannot be hasted, slowed, berserked, paralysed or teleported.
You can dig through walls and to a lower floor.
Your four strong arms can wield two-handed weapons with a shield.
You have a pair of large antennae on your head. (SInv)


Message History

The fireball explodes!
The fireball engulfs the centaur.
The centaur is heavily wounded.
The fireball engulfs you.
* * * LOW HITPOINT WARNING * * *
The centaur hits you.
* * * LOW HITPOINT WARNING * * *
Okay, then.
You barely miss the centaur.
The centaur is heavily wounded.
The centaur closely misses you. The centaur misses you.
You hit the centaur but do no damage.
The centaur is heavily wounded.
The centaur completely misses you.
You hit the centaur.
The centaur is severely wounded.
The centaur hits you but does no damage. x2
You barely miss the centaur.
The centaur is severely wounded.
The centaur hits you!
You die...

.#...+.....#
##...##....#
##...##....# ###
..........#####.#
..........##....#####
...........'....#...#
#....##....#........#
#+#####....#...(....##
#..........#....@....#
##.........#.....c...#
#.........#...###'###
#........##...# ..#
#........##...# .#
#...##......... .#
######........ +
##.............
.....##...####.


You could see a centaur.

Vanquished Creatures
  Blork the orc (D:4)
  A centaur skeleton (D:4)
  A worker ant (D:4)
  An adder (D:3)
  An ooze (D:2)
  A worm (D:3)
  4 dart slugs
  4 leopard geckos
  6 bats
  4 giant cockroaches
  8 goblins
  5 hobgoblins
  A quokka (D:2)
  6 ball pythons
  6 frilled lizards
  7 kobolds
  5 rats
62 creatures vanquished.

Notes
Turn   | Place    | Note
-------+----------+-------------------------------------------
     0 | Abyss:1  | robertstho the Formicid Abyssal Knight began the quest for
                  | the Orb.
     0 | Abyss:1  | Reached XP level 1. HP: 18/18 MP: 2/2
    72 | Abyss:1  | Noticed a spatial vortex
    72 | Abyss:1  | Noticed a spatial vortex
    72 | Abyss:1  | Noticed a spatial vortex
    72 | Abyss:1  | Noticed a spatial vortex
    73 | D:1      | Escaped the Abyss
   107 | D:1      | Reached * piety under Lugonu
   173 | D:1      | Reached XP level 2. HP: 23/24 MP: 3/3
   384 | D:1      | Reached XP level 3. HP: 21/30 MP: 4/4
   876 | D:2      | Reached skill level 4 in Fighting
   959 | D:2      | Reached skill level 1 in Dodging
  1111 | D:2      | Found a white marble altar of Elyvilon.
  1231 | D:2      | Reached ** piety under Lugonu
  1393 | D:2      | Reached XP level 4. HP: 30/37 MP: 6/6
  2541 | D:4      | Reached XP level 5. HP: 38/43 MP: 7/7
  2570 | D:4      | Noticed Blork the orc
  2583 | D:4      | Killed Blork the orc
  2597 | D:4      | Found a blossoming altar of Fedhas.
  2597 | D:4      | Noticed a centaur
  2637 | D:4      | Reached XP level 6. HP: 29/49 MP: 8/8
  2690 | D:4      | HP: 1/49 [centaur (7)]
  2697 | D:4      | HP: 2/49 [centaur (5)]
  2701 | D:4      | Slain by a centaur

Levels and vault maps discovered:
D:1:      dpeg_arrival_prison, layout_basic, minmay_shallow_snake_nest
D:2:      layout_loops_ring, grunt_decor_resistance, skrybe_limestone_x,
          elyvilon_altar_4
D:3:      layout_basic
D:4:      layout_gridville, kennysheep_little_box,
          fedhas_bush_and_centaur_altar, tso_altar, uniq_duvessa,
          uniq_blork_the_orc, uniq_natasha

Skill      XL: |  1  2  3  4  5 |
---------------+----------------+-----
Fighting       | 4 |  4.7
Dodging        | 1 |  1.5
Invocations    | 3 |  3.6
Axes           | 3 |  3.4
Armour         | |  2.9

Action                   |  1- 3 |  4- 6 || total
-------------------------+-------+-------++-------
Melee: Hand axe          |   129 |   104 ||   233
Invok: Depart the Abyss  |     1 |       ||     1
Evoke: Wand              |       |     1 ||     1
  Use: Potion            |       |     6 ||     6
  Eat: Chunk             |     2 |     4 ||     6
Armor: Scale mail        |    67 |    63 ||   130
Dodge: Dodged            |    61 |    62 ||   123

Table legend:
 A = Non-vault XP
 B = Vault XP
 C = Vault XP percentage of total XP
 D = Non-vault monster count
 E = Vault monster count
 F = Vault count percentage of total count
                 A         B        C        D         E       F
            +---------+---------+-------+---------+---------+-------
      Total |     195 |      92 |  32.1 |      57 |       5 |   8.1
            +---------+---------+-------+---------+---------+-------
        D:1 |      24 |       7 |  22.6 |      15 |       4 |  21.1
        D:2 |      48 |       0 |   0.0 |      21 |       0 |   0.0
        D:3 |      47 |       0 |   0.0 |      18 |       0 |   0.0
        D:4 |      76 |      85 |  52.8 |       3 |       1 |  25.0
            +---------+---------+-------+---------+---------+-------
